Workbook

Sheet Mão de Obra
A1: SEGREGADOR
A2: Discriminação | B2: Unidade | C2: Quantidade | D2: Preço Unitário | E2: Subtotal | F2: Total (R$)
A3: Salário Normal | B3: mês | C3: 1 | D3: 1967.29 | E3: =C3*D3 -> 1967.29
A4: Adicional de Insalubridade | B4: % | C4: 40 | D4: =E3 -> 1967.29 | E4: =D4*C4% -> 786.916
A5: Soma | E5: =SUM(E3:E4) -> 2754.206
A6: Encargos Sociais | B6: % | C6: 23 | D6: =E5 -> 2754.206 | E6: =D6*C6% -> 633.46738
A7: Total por segregador | E7: =SUM(E5:E6) -> 3387.6734
A8: Total do efetivo | B8: homem | C8: 5 | D8: =E7 -> 3387.6734 | E8: =D8*C8 -> 16938.367 | F8: =E8 -> 16938.367
A10: SERVIÇOS GERAIS
A11: Discriminação | B11: Unidade | C11: Quantidade | D11: Preço Unitário | E11: Subtotal | F11: Total (R$)
A12: Salário Normal | B12: mês | C12: 1 | D12: 1799.68 | E12: =C12*D12 -> 1799.68
A13: Adicional de Insalubridade | B13: % | C13: 40 | D13: =E12 -> 1799.68 | E13: =D13*C13% -> 719.872
A14: Soma | E14: =SUM(E12:E13) -> 2519.552
A15: Encargos Sociais | B15: % | C15: 23 | D15: =E14 -> 2519.552 | E15: =D15*C15% -> 579.49696
A16: Total por serviços gerais | E16: =SUM(E14:E15) -> 3099.049
A17: Total do efetivo | B17: homem | C17: 1 | D17: =E16 -> 3099.049 | E17: =D17*C17 -> 3099.049 | F17: =E17 -> 3099.049
A19: COORDENADOR OPERACIONAL
A20: Discriminação | B20: Unidade | C20: Quantidade | D20: Preço Unitário | E20: Subtotal | F20: Total (R$)
A21: Salário Normal | B21: mês | C21: 1 | D21: 2950.94 | E21: =C21*D21 -> 2950.94
A22: Adicional de Insalubridade | B22: % | C22: 40 | D22: =E21 -> 2950.94 | E22: =D22*C22% -> 1180.376
A23: Soma | E23: =SUM(E21:E22) -> 4131.316
A24: Encargos Sociais | B24: % | C24: 23 | D24: =E23 -> 4131.316 | E24: =D24*C24% -> 950.20268
A25: Total por coordenador | E25: =SUM(E23:E24) -> 5081.5187
A26: Total do efetivo | B26: homem | C26: 1 | D26: =E25 -> 5081.5187 | E26: =D26*C26 -> 5081.5187 | F26: =E26 -> 5081.5187
A28: VIGIA
A29: Discriminação | B29: Unidade | C29: Quantidade | D29: Preço Unitário | E29: Subtotal | F29: Total (R$)
A30: Salário Normal | B30: mês | C30: 1 | D30: 1814.67 | E30: =C30*D30 -> 1814.67
A31: Hora Extra 50% | B31: h | C31: 15 | D31: 12.37 | E31: =C31*D31 -> 185.55
A32: Hora Extra 100% | B32: h | C32: 15 | D32: 16.5
A33: Adicional de Insalubridade | B33: % | C33: 40 | D33: =E30 -> 1814.67 | E33: =D33*C33% -> 725.868
A34: Adicional Noturno | B34: h | C34: 84 | D34: 1.31 | E34: =C34*D34 -> 110.04
A35: Soma | E35: =SUM(E30:E34) -> 2836.128
A36: Encargos Sociais | B36: % | C36: =C6 -> 23 | D36: =E35 -> 2836.128 | E36: =D36*C36% -> 652.30944
A37: Total por vigia | E37: =SUM(E35:E36) -> 3488.4374
A38: Total do efetivo | B38: homem | C38: 2 | D38: =E37 -> 3488.4374 | E38: =D38*C38 -> 6976.8749 | F38: =E38 -> 6976.8749
A40: TOTAL MÃO DE OBRA | F40: =F8+F17+F26+F38 -> 32095.809

Sheet EPI
A2: UNIFORMES E EPI'S PARA SEGREGADORES, SERVIÇOS GERAIS E COORDENADORES
A3: Discriminação | B3: Unidade | C3: Quantidade | D3: Preço Unitário | E3: Subtotal | F3: Total (R$)
A4: Calça | B4: unidade | C4: 0.33333333 | D4: 45.5 | E4: =C4*D4 -> 15.166667
A5: Camiseta Algodão | B5: unidade | C5: 1 | D5: 25.9 | E5: =C5*D5 -> 25.9
A6: Boné | B6: unidade | C6: 0.083333333 | D6: 31.25 | E6: =C6*D6 -> 2.6041667
A7: Botina de segurança com palmilha aço | B7: par | C7: 0.33333333 | D7: 47 | E7: =C7*D7 -> 15.666667
A8: Meia de algodão com cano alto | B8: par | C8: 1 | D8: 7.12 | E8: =C8*D8 -> 7.12
A9: Luva de proteção | B9: par | C9: 1 | D9: 18.12 | E9: =C9*D9 -> 18.12
A10: Protetor solar FPS 30 | B10: frasco 120g | C10: 1 | D10: 14.32 | E10: =C10*D10 -> 14.32
A11: Capa de chuva | B11: unidade | C11: 0.083333333 | D11: 23.99 | E11: =C11*D11 -> 1.9991667
A12: Total EPI | E12: =SUM(E4:E11) -> 100.89667
A13: Total efetivo | B13: homem | C13: 7 | D13: =E12 -> 100.89667 | E13: =C13*D13 -> 706.27667 | F13: =E13 -> 706.27667
A16: UNIFORMES E EPI'S DOS ZELADORES
A17: Discriminação | B17: Unidade | C17: Quantidade | D17: Preço Unitário | E17: Subtotal | F17: Total (R$)
A18: Calça | B18: unidade | C18: 0.16666667 | D18: 45.5 | E18: =C18*D18 -> 7.5833333
A19: Camiseta Algodão | B19: unidade | C19: 0.33333333 | D19: 25.9 | E19: =C19*D19 -> 8.6333333
A20: Botina de segurança com palmilha aço | B20: par | C20: 0.16666667 | D20: 47 | E20: =C20*D20 -> 7.8333333
A21: Capa de chuva amarela | B21: unidade | C21: 0.083333333 | D21: 23.99 | E21: =C21*D21 -> 1.9991667
A22: Total EPI | E22: =SUM(E18:E21) -> 26.049167
A23: Total efetivo | B23: homem | C23: 2 | D23: =E22 -> 26.049167 | E23: =C23*D23 -> 52.098333 | F23: =E23 -> 52.098333
A25: TOTAL EPI's | F25: =F13+F23 -> 758.375

Sheet Equipamentos
A2: PRENSA ENFARDADEIRA HIDRAULICA 25 TON
B3: Unidade | C3: Quantidade | D3: Preço Unitário | E3: Subtotal | F3: Total (R$)
A4: Custo de aquisição do equipamento | B4: unidade | C4: 1 | D4: 77000 | E4: =D4*C4 -> 77000
A5: Depreciação do equipamento (60 mês) | B5: % | C5: 70 | D5: =E4 -> 77000 | E5: =D5*C5% -> 53900
A6: Depreciação mensal do equipamento | B6: mês | C6: 60 | D6: =E5 -> 53900 | E6: =D6/C6 -> 898.33333
A7: Custo estimativa c/manutenção (60 mês) | B7: % | C7: 75 | D7: =E4 -> 77000 | E7: =D7*C7% -> 57750
A8: Manutenção mensal do equipamento | B8: mês | C8: 60 | D8: =E7 -> 57750 | E8: =D8/C8 -> 962.5
A9: Custo mensal com manutenção | B9: mês | C9: 1 | D9: =E6+E8 -> 1860.8333 | E9: =D9/C9 -> 1860.8333 | F9: =E9 -> 1860.8333
A11: TOTAL ITEM 3.1 | F11: =F9 -> 1860.8333
A13: ROÇADEIRA A COMBUSTÃO COSTAL
A14: Discriminação | B14: Unidade | C14: Quantidade | D14: Preço Unitário | E14: Subtotal | F14: Total (R$)
A15: Custo de aquisição do equipamento | B15: unidade | C15: 1 | D15: 4580.68 | E15: =D15*C15 -> 4580.68
A16: Depreciação do equipamento (60 mês) | B16: % | C16: 70 | D16: =E15 -> 4580.68 | E16: =D16*C16% -> 3206.476
A17: Depreciação mensal do equipamento | B17: mês | C17: 60 | D17: =E16 -> 3206.476 | E17: =D17/C17 -> 53.441267
A18: Custo estimativa c/manutenção (60 mês) | B18: % | C18: 75 | D18: =E15 -> 4580.68 | E18: =D18*C18% -> 3435.51
A19: Manutenção mensal do equipamento | B19: mês | C19: 60 | D19: =E18 -> 3435.51 | E19: =D19/C19 -> 57.2585
A20: Combustível (gasolina+diesel) | B20: l | C20: 80 | D20: 6.2 | E20: =C20*D20 -> 496
A21: Custo mensal com manutenção | B21: mês | C21: 1 | D21: =E17+E19+E20 -> 606.69977 | E21: =D21 -> 606.69977 | F21: =E21 -> 606.69977
A23: TOTAL ITEM 3.3 | F23: =F21 -> 606.69977
A25: TOTAL EQUIPAMENTOS | F25: =F11+F23 -> 2467.5331

Sheet Ferramentas e Mat de Consumo
A2: FERRAMENTA, RECIPIENTES E MATERIAL DE CONSUMO
A3: Discriminação | B3: Unidade | C3: Quantidade | D3: Preço Unitário | E3: Subtotal | F3: Total (R$)
A4: Ferramentas e Materiais de consumo diversos | B4: mês | C4: 1 | D4: 3000 | E4: =D4*C4 -> 3000
A5: Custo de Ferramentas e Material de Consumo | B5: mês | C5: 1 | D5: =SUM(E4:E4) -> 3000 | E5: =D5/C5 -> 3000 | F5: =E5 -> 3000
A7: CUSTO TOTAL FERRAMENTAS, RECIPIENTES E MAT. DE CONSUMO | F7: =F5 -> 3000

Sheet Receita Venda dos Materiais
A3: RECEITA VENDA DE MATERIAL RECICLÁVEL
A4: Discriminação | B4: Unidade | C4: Quantidade | D4: Preço Unitário | E4: Subtotal | F4: Total (R$)
A5: Materiais Recicláveis | B5: ton | C5: 1 | D5: 660 | E5: =D5*C5 -> 660
A6: Total Remuneração de Capital | F6: =E5 -> 660
A8: RECEITA TOTAL VENDA DE MATERIAL RECICLÁVEL | F8: =F6 -> 660

Sheet TOTAL
A3: Item | B3: Total (R$)
A4: Mão de Obra | B4: ='Mão de Obra'!F40 -> 32095.809
A5: EPI | B5: =EPI!F25 -> 758.375
A6: Equipamentos | B6: =Equipamentos!F25 -> 2467.5331
A7: Ferramentas e Mat. Consumo | B7: ='Ferramentas e Mat de Consumo'!F7 -> 3000
A8: Receita Comercialização de Mat. Reciclável | B8: =-'Receita Venda dos Materiais'!F8 -> -660
A9: Total | B9: =SUM(B4:B8) -> 37661.718

Sheet Encargos Sociais
A1: ENCARGOS SOCIAIS
A3: GRUPO A | B3: (%)
A4: INSS | B4: 20
A5: FGTS | B5: 0
A6: Seg. Acid. De Trabalho | B6: 3
A7: Salário Educação | B7: 0
A8: SUBTOTAL | B8: =SUM(B4:B7) -> 23
A10: GRUPO B | B10: (%)
A11: Férias | B11: 0
A12: Aviso Prévio | B12: 0
A13: Auxílio Doença | B13: 0
A14: SUBTOTAL | B14: =SUM(B11:B13) -> 0
A16: GRUPO C | B16: (%)
A17: 13° Salário | B17: 0
A18: 50% FGTS (Rescisões) | B18: 0
A19: SUBTOTAL | B19: =SUM(B17:B18) -> 0
A22: SOMA ENCARGOS | B22: =B8+B14 -> 23
